 Dungeon Crawl Stone Soup version 0.20.1-1-g8b1a95d (webtiles) character file.

327 bobthegiant the Digger (level 6, 0/32 HPs)
             Began as a Gargoyle Earth Elementalist on Oct 27, 2017.
             Slain by an ice beast (3 damage)
             ... on level 4 of the Dungeon.
             The game lasted 00:18:43 (4658 turns).

bobthegiant the Digger (GrEE)                       Turns: 4658, Time: 00:18:44

Health: 0/32       AC:  7    Str: 11    XL:     6   Next: 50%
Magic:  0/12       EV: 12    Int: 18    God:
Gold:   295        SH:  0    Dex: 10    Spells: 4/13 levels left

rFire    . . .     SeeInvis .   y - +0 flail
rCold    . . .     Gourm    .   (no shield)
rNeg     + . .     Faith    .   c - +0 robe
rPois    ∞         Spirit   .   E - +0 helmet
rElec    +         Reflect  .   (no cloak)
rCorr    .         Harm     .   (no gloves)
MR       .....                  (no boots)
Stlth    ++........             (no amulet)
Regen    0.1/turn               (no ring)
MPRegen  0.2/turn               (no ring)

@: very slightly contaminated
A: negative energy resistance 1, electricity resistance, unbreathing,
petrification resistance, rot immunity, AC +4
a: no special abilities


You were on level 4 of the Dungeon.
You were not hungry.

You visited 1 branch of the dungeon, and saw 5 of its levels.

You collected 295 gold pieces.

Inventory:

Hand Weapons
 i - a +0 whip
 y - a +0 flail (weapon)
Missiles
 b - 6 stones (quivered)
 f - 47 poisoned needles
Armour
 c - a +0 robe (worn)
 E - a +0 helmet (worn)
Jewellery
 g - an uncursed ring of resist corrosion {unknown}
 m - an uncursed amulet of guardian spirit {unknown}
 t - a +1 ring of protection {unknown}
 C - a cursed ring of teleportation {unknown}
Scrolls
 h - 2 scrolls of remove curse {unknown}
 j - 2 scrolls of recharging {unknown}
 l - a scroll of immolation {unknown}
 n - 4 scrolls of identify {unknown}
 q - a scroll of enchant weapon {unknown}
 r - a scroll of blinking {unknown}
 u - 2 scrolls of teleportation {unknown}
 w - 2 scrolls of enchant armour {unknown}
 B - a scroll of random uselessness {unknown}
Potions
 k - 2 potions of curing {unknown}
 o - a potion of lignification {unknown}
 p - a potion of mutation {unknown}
 v - 3 potions of degeneration {unknown}
 z - a potion of haste {unknown}
 A - a potion of heal wounds {unknown}
 D - a potion of invisibility {unknown}
Books
 e - a book of Geomancy

   Spells                             Type                      Level
   a - Sandblast                      Earth                        1
   b - Passwall                       Transmutation/Earth          2
   c - Stone Arrow                    Conjuration/Earth            3
   d - Petrify                        Transmutation/Earth          4
   e - Lee's Rapid Deconstruction     Earth                        5
 x - a book of Maledictions

   Spells                             Type                      Level
   a - Corona                         Hexes                        1
   b - Ensorcelled Hibernation        Hexes/Ice                    2
   c - Confuse                        Hexes                        3
   d - Tukima's Dance                 Hexes                        3
   e - Dazzling Spray                 Conjuration/Hexes            3
Comestibles
 a - 2 royal jellies
 d - 5 bread rations
 s - a fruit


   Skills:
 - Level 1.5 Dodging
 - Level 2.1 Stealth
 + Level 4.4 Spellcasting
 + Level 1.0 Conjurations
   Level 0.7 Transmutations
 + Level 6.4 Earth Magic


You had 4 spell levels left.
You knew the following spells:

 Your Spells              Type           Power        Failure   Level  Hunger
a - Sandblast             Erth           ####..       1%          1    None
b - Stone Arrow           Conj/Erth      ###...       9%          3    ###....
c - Lee's Rapid Deconstr  Erth           ####......   28%         5    ######.


Dungeon Overview and Level Annotations

Branches:
Dungeon (5/15)
 Temple: D:4-7

Altars:
Elyvilon

Annotations:
D:4 othur's ghost, amateur MiCK
D:5 exclusion: 2 doors


Innate Abilities, Weirdness & Mutations

You are resistant to torment.
Your stone body is resilient. (AC +4)
You are immune to poison.
You resist negative energy. (rN+)
You are resistant to electric shocks. (rElec)
You can survive without breathing.
You are immune to petrification.
You are immune to rotting.


Message History

The ice beast is heavily wounded.
The ice beast hits you but does no damage.
You hit the ice beast.
The ice beast is severely wounded.
The ice beast closely misses you.
You sock the ice beast!
The ice beast is almost dead.
The ice beast barely misses you. The ice beast hits you.
The ice beast freezes you!
* * * LOW HITPOINT WARNING * * *
Casting: Sandblast
Confirm with . or Enter, or press ? or * to list all spells.
Aiming: Sandblast
Press: ? - help, Shift-Dir - straight line, f/p - ice beast
Aim: an ice beast (almost dead)
The blast of sand hits the ice beast.
The ice beast is almost dead.
b - 6 stones The ice beast hits you.
You die...

#.........#####.#
..........##<...#
.......##########
...........#
...........#
...........#
#####......#
#..#Y### #..#@#
##.#.### #.....#
###.##.##
#....#..#
#.#..##.#
#.#.....#
#...>#..####
###........#


You could see an ice beast.

Vanquished Creatures
  A phantom (D:5)
  An ogre (D:4)
  A howler monkey (D:4)
  6 adders
  A worm (D:2)
  3 dart slugs
  A leopard gecko (D:4)
  7 giant cockroaches
  5 goblins
  6 hobgoblins
  2 jackals
  2 quokkas
  10 bats
  4 frilled lizards
  8 kobolds
  6 rats
64 creatures vanquished.

Notes
Turn   | Place    | Note
-------+----------+-------------------------------------------
     0 | D:1      | bobthegiant the Gargoyle Earth Elementalist began the quest for the Orb.
     0 | D:1      | Reached XP level 1. HP: 10/10 MP: 3/3
   323 | D:1      | Reached XP level 2. HP: 15/15 MP: 3/5
   435 | D:1      | Reached skill level 4 in Earth Magic
  1176 | D:2      | Reached XP level 3. HP: 10/19 MP: 1/6
  1410 | D:1      | Learned a level 3 spell: Stone Arrow
  2027 | D:2      | Reached XP level 4. HP: 24/24 MP: 2/8
  2317 | D:2      | Reached skill level 5 in Earth Magic
  2930 | D:3      | Found a white marble altar of Elyvilon.
  3572 | D:4      | Reached XP level 5. HP: 28/28 MP: 0/10
  3660 | D:4      | Learned a level 5 spell: Lee's Rapid Deconstruction
  3735 | D:4      | Noticed an ogre
  3739 | D:4      | Killed an ogre
  3938 | D:4      | Reached skill level 6 in Earth Magic
  3938 | D:4      | Reached XP level 6. HP: 32/32 MP: 6/12
  4040 | D:4      | Noticed othur's ghost (amateur MiCK)
  4077 | D:5      | Entered Level 5 of the Dungeon
  4197 | D:5      | Noticed a phantom
  4254 | D:5      | Killed a phantom
  4254 | D:5      | Reached skill level 1 in Conjurations
  4629 | D:4      | Noticed an ice beast
  4658 | D:4      | Slain by an ice beast

Skill      XL: |  1  2  3  4  5  6 |
---------------+-------------------+-----
Earth Magic    | 4 5 6 |  6.4
Spellcasting   | 3 4 |  4.4
Conjurations   | 1 |  1.0
Dodging        | |  1.5
Stealth        | |  2.1
Transmutations | |  0.7

Action                   |  1- 3 |  4- 6 || total
-------------------------+-------+-------++-------
Melee: Unarmed           |    45 |       ||    45
       Club              |    22 |       ||    22
       Whip              |    26 |   131 ||   157
       Flail             |       |    32 ||    32
Throw: Stone             |     1 |       ||     1
 Cast: Sandblast         |    35 |    16 ||    51
       Stone Arrow       |     3 |    14 ||    17
       Lee's Rapid Decon |       |     4 ||     4
 Stab: Sleeping          |     1 |     1 ||     2
  Eat: Chunk             |     4 |     9 ||    13
       Fruit             |       |     3 ||     3
Armor: Robe              |    30 |    78 ||   108
Dodge: Dodged            |    82 |   117 ||   199
